 Dungeon Crawl Stone Soup version 0.27-a0-1334-g2746e35aca (webtiles) character file.

Game seed: 17724571989705473293

97 Delamore the Sneak (level 4, -3/29 HPs)
             Began as an Octopode Brigand on June 26, 2021.
             Slain by an orc (5 damage)
             ... on level 3 of the Dungeon.
             The game lasted 00:01:42 (2591 turns).

Delamore the Sneak (Octopode Brigand)               Turns: 2591, Time: 00:01:43

Health: -3/29      AC:  1    Str: 10    XL:     4   Next: 68%
Magic:  4/4        EV: 12    Int: 13    God:
Gold:   134        SH:  3    Dex: 14    Spells: 3/3 levels left

rFire    . . .     SeeInvis .   h - +2 dagger (venom)
rCold    . . .     Faith    .   e - +0 buckler
rNeg     . . .     Spirit   .   (helmet restricted)
rPois    .         Reflect  .   (no amulet)
rElec    .         Harm     .   (no ring)
rCorr    .         Rampage  .   (no ring)
Will     .....                  (no ring)
Stlth    +++++.....             (no ring)
HPRegen  0.09/turn              (no ring)
MPRegen  0.09/turn              (no ring)
                                (no ring)
                                (no ring)

@: no status effects
A: almost no armour, amphibious, 8 rings, camouflage 1, gelatinous body 1,
(nimble swimmer 1), tentacles
a: no special abilities


You were on level 3 of the Dungeon.
You visited 1 branch of the dungeon, and saw 3 of its levels.

You collected 134 gold pieces.

Inventory:

Hand Weapons
 a - a +2 dagger
 h - a +2 dagger of venom (weapon)
Missiles
 b - 18 poisoned darts (quivered)
 c - 7 curare-tipped darts
Armour
 e - a +0 buckler (worn)
Scrolls
 g - 2 scrolls of identify {unknown}
 j - a scroll of magic mapping {unknown}
 k - a scroll of holy word {unknown}
 l - a scroll of vulnerability {unknown}
Potions
 d - 4 potions of berserk rage {unknown}
 f - a potion of might {unknown}
 i - a potion of lignification {unknown}


   Skills:
 - Level 2.0 Fighting
 * Level 3.0 Short Blades
 - Level 2.0 Throwing
 - Level 1.0 Dodging
 + Level 7.4 Stealth
 + Level 0.5 Shields


You had 3 spell levels left.
You didn't know any spells.
Your spell library contained the following spells:

 Spells                   Type           Power      Damage    Failure   Level
 Beastly Appendage        Tmut           0%         N/A       43%         1
 Wereblood                Tmut           0%         N/A       58%         2
 Spider Form              Tmut/Pois      0%         N/A       82%         3
 Ice Form                 Ice/Tmut       0%         N/A       99%         4


Dungeon Overview and Level Annotations

Branches:
Dungeon (3/15)

Altars:
Qazlal


Innate Abilities, Weirdness & Mutations

You cannot wear most types of armour.
You are amphibious.
You can wear up to eight rings at the same time.
Your skin changes colour to match your surroundings (Stealth+).
Your rubbery body absorbs attacks. (AC +1, EV +1)
((You are camouflaged near water. (Stealth+)))
You have tentacles for arms and can constrict up to eight enemies at once.


Message History

You see here 3 arrows.
l - a scroll labelled MOLIUPHI PEIR An iguana is nearby!
An iguana is nearby!
The iguana hisses angrily.
You hit the iguana.
The iguana is poisoned.
Your grab misses the iguana.
The iguana is lightly wounded.
The iguana barely misses you.
You hit the iguana.
The iguana looks as sick as possible!
Your grab misses the iguana. Your squeeze misses the iguana.
The iguana is moderately wounded.
The iguana barely misses you.
You hit the iguana but do no damage.
The iguana looks as sick as possible!
You grab the iguana.
The iguana is moderately wounded.
You constrict the iguana, but do no damage.
The iguana bites you!
You hit the iguana but do no damage.
The iguana looks as sick as possible!
The iguana is heavily wounded.
You constrict the iguana. The iguana barely misses you.
You hit the iguana but do no damage.
The iguana looks as sick as possible!
The iguana is heavily wounded.
You constrict the iguana, but do no damage.
The iguana misses you.
You hit the iguana.
The iguana is severely wounded.
You constrict the iguana. The iguana bites you!
Ouch! That really hurt!
* * * LOW HITPOINT WARNING * * *
You are too injured to fight recklessly!
You are too injured to fight recklessly!
There are monsters nearby!
You release your grip on the iguana.
You kill the iguana!
Your Short Blades skill increases to level 3!
There is a stone staircase leading up here.
You hit the orc but do no damage.
The orc is poisoned.
You grab the orc.
You constrict the orc, but do no damage.
The orc hits you with a +0 hand axe.
You die...

#..........# ###........##
###..........######.
#................... ##
#..#...........#####
...###.#.........(.#
....##.............##
.....##o............##
...$...@.........##....
...........^.....###.##.#
.....#....###........#. #
...#####..####........#
##.>###.............###
####.#.......##......#
.......#.#.#.##....###
###.....#......##....#
#######...)..###..#..#####..


You could see an orc (very poisoned).

Vanquished Creatures
  An iguana (D:3)
  3 adders
  A dart slug (D:2)
  An orc (D:3)
  6 bats
  4 endoplasms
  3 giant cockroaches
  3 goblins
  4 hobgoblins
  4 quokkas
  3 ball pythons
  2 kobolds
  2 rats (D:2)
37 creatures vanquished.

Notes
Turn   | Place    | Note
-------+----------+-------------------------------------------
     0 | D:1      | Delamore the Octopode Brigand began the quest for the Orb.
     0 | D:1      | Reached XP level 1. HP: 14/14 MP: 1/1
   633 | D:1      | Reached XP level 2. HP: 19/19 MP: 2/2
   901 | D:2      | Found a faded altar of an unknown god.
   916 | D:2      | Reached skill level 6 in Stealth
  1568 | D:2      | Reached XP level 3. HP: 24/24 MP: 3/3
  2476 | D:3      | Found a stormy altar of Qazlal.
  2480 | D:3      | Reached skill level 7 in Stealth
  2480 | D:3      | Reached XP level 4. HP: 29/29 MP: 4/4
  2581 | D:3      | HP: 1/29 [iguana (15)]
  2591 | D:3      | Slain by an orc

Illustrated notes

Levels and vault maps discovered:
D:1:      minmay_arrival_semitransparent, layout_loops_corners,
          grunt_decor_fettered
D:2:      layout_loops_corners, shapermc_ecumenical_altar_venn,
          kennysheep_generic_room_12
D:3:      layout_rooms, amcnicky_altar_gilded, grunt_temple_overflow_diamond

Skill      XL: |  1  2  3  4 |
---------------+-------------+-----
Stealth        | 6 7 |  7.4
Short Blades   | 3 |  3.0
Fighting       | |  2.0
Throwing       | |  2.0
Dodging        | |  1.0
Shields        | |  0.5

Action                   |  1- 3 |  4- 6 || total
-------------------------+-------+-------++-------
Melee: Dagger            |    46 |    14 ||    60
       Constrict         |     7 |     2 ||     9
       Tentacles         |     3 |     1 ||     4
 Stab: Sleeping          |    20 |     2 ||    22
Armor: Skin              |     4 |       ||     4
Dodge: Dodged            |    10 |     8 ||    18
Block: Buckler           |     7 |     1 ||     8

Table legend: (Time is in decaauts)
 A = Elapsed time spent in this place.
 B = Non-inter-level travel time spent in this place.
 C = Inter-level travel time spent in this place.
 D = Time resting spent in this place.
 E = Time spent auto-exploring this place.
 F = Levels seen in this place.
 G = Mean time per level.
                   A        B        C        D        E       F      G
               +--------+--------+--------+--------+--------+-----+--------+
         Total |   2588 |   2452 |    136 |    196 |   2000 |   3 |  862.7 |
       Dungeon |   2588 |   2452 |    136 |    196 |   2000 |   3 |  862.7 |
               +--------+--------+--------+--------+--------+-----+--------+

Top non-repeatable levels by time:
     D:2: 1090 daAuts
     D:1: 887 daAuts
     D:3: 610 daAuts
